 Dungeon Crawl Stone Soup version 0.28.0-62-gf88900778d (webtiles) character file.

Game seed: 12739448783733704243

387 Froggeryz the Cutter (level 6, -3/45 HPs)
             Began as an Octopode Berserker on Sept 16, 2023.
             Was a Believer of Trog.
             Killed from afar by an orc wizard (11 damage)
             ... with a magic dart
             ... on level 3 of the Dungeon.
             The game lasted 00:02:57 (3228 turns).

Froggeryz the Cutter (Octopode Berserker)           Turns: 3228, Time: 00:02:57

Health: -3/45      AC:  1    Str: 17    XL:     6   Next: 78%
Magic:  6/6        EV: 13    Int:  9    God:    Trog [**....]
Gold:   161        SH:  0    Dex: 13    Spells: 5/5 levels left

rFire   . . .      SeeInvis .   a - +0 short sword
rCold   . . .      Faith    .   (no shield)
rNeg    . . .      Spirit   .   (helmet restricted)
rPois   .          Reflect  .   (no amulet)
rElec   .          Harm     .   (no ring)
rCorr   .          Rampage  .   (no ring)
Will    .....                   (no ring)
Stlth   ++........              (no ring)
HPRegen 0.15/turn               (no ring)
MPRegen 0.10/turn               (no ring)
                                (no ring)
                                (no ring)

@: no status effects
A: almost no armour, amphibious, 8 rings, camouflage 1, gelatinous body 1,
(nimble swimmer 1), tentacles
a: Renounce Religion, Berserk, Trog's Hand


You were on level 3 of the Dungeon.
You worshipped Trog.
Trog was pleased with you.
You visited 1 branch of the dungeon, and saw 4 of its levels.

You collected 169 gold pieces.
You spent 8 gold pieces at shops.

Inventory:

Hand Weapons
 a - a +0 short sword (weapon)
Missiles
 l - 2 poisoned darts (quivered)
Scrolls
 d - a scroll of noise {unknown}
 i - a scroll of fear {unknown}
 j - a scroll of identify {unknown}
 k - a scroll of magic mapping {unknown}
Potions
 b - a potion of heal wounds
 c - a potion of degeneration {unknown}
 e - a potion of mutation {unknown}
 f - a potion of lignification {unknown}
 g - a potion of haste {unknown}
 h - a potion of might {unknown}
 m - a potion of attraction {unknown}
 n - a potion of invisibility {unknown}


   Skills:
 + Level 4.8 Fighting
 * Level 6.3 Short Blades
 - Level 3.0 Dodging


You had 5 spell levels left.
You didn't know any spells.
Your spell library was empty.

Dungeon Overview and Level Annotations

Branches:
Dungeon (4/15)
 Temple: D:4-7

Altars:

Shops:
D:3 (


Innate Abilities, Weirdness & Mutations

You cannot wear most types of armour.
You are amphibious.
You can wear up to eight rings at the same time.
Your skin changes colour to match your surroundings (Stealth+).
Your rubbery body absorbs attacks. (AC +1, EV +1)
((You are camouflaged when in or above water. (Stealth+)))
You have tentacles for arms and can constrict up to eight enemies at once.


Message History

There is a stone staircase leading down, spattered with blood here.
You start resting.
HP restored.
Things that are here:
a +0 short sword; a +0 leather armour; an orc corpse
There is a stone staircase leading down, spattered with blood here.
You climb downwards.
The orc wizard casts a spell at you. The magic dart hits you!
There is a stone staircase leading up, spattered with blood here.
The orc priest mumbles some strange prayers to Beogh against you.
Beogh smites you!
The orc wizard hits you with a +0 dagger.
The orc wizard casts a spell at you. The magic dart hits you.
You climb upwards.
There is a stone staircase leading down, spattered with blood here.
You are too injured to fight recklessly!
You are too injured to fight recklessly!
You are too injured to fight recklessly!
You barely miss the orc wizard. Your grab misses the orc wizard.
Your squeeze misses the orc wizard.
The orc wizard hits you with a +0 dagger.
You barely miss the orc wizard. Your grab misses the orc wizard.
The orc wizard gestures at you while chanting.
The magic dart hits you!
* * * LOW HITPOINT WARNING * * *
You hit the orc wizard. Your grab misses the orc wizard.
The orc wizard is moderately wounded.
The orc wizard completely misses you.
You hit the orc wizard. You grab the orc wizard.
The orc wizard is heavily wounded.
You constrict the orc wizard.
You hit the orc wizard but do no damage.
You squeeze the orc wizard.
The orc wizard is severely wounded.
You constrict the orc wizard.
The orc wizard points at you and mumbles some strange words.
The magic dart hits you!
You die...

.####..###.##.# #.# #.####
.......#..>...## ##.######
#.....
.............#.###.......#
######
####'#######.#........##.# #.#
#.#...#.##.##.# ####.#####
#.#...#.##.##.# ...'.'...#
#.#.....##.##.# .###.###.#
#....##.##.##.##### .# #.# #.#
#...)@o....##.....#
'###.###'###...).....#######.#
...........'..##.....# #....#
'###.###'###..##.....# #.####
)# #.# #.# #.###.....# #.#
.###.###.# #.# #.....# #.#
...'.'...# #.# ####### #.#
####.##### #.# ######.# #.#
#)#### #......#


You could see an orc wizard.

Vanquished Creatures
  Grinder (D:3)
  A phantom (D:2)
  2 adders (D:2)
  3 worms
  2 dart slugs
  7 orcs (D:3)
  10 ball pythons
  2 endoplasms (D:3)
  A giant cockroach (D:1)
  10 goblins
  5 hobgoblins
  4 jackals (D:2)
  8 kobolds
  A quokka (D:1)
  7 bats
  2 frilled lizards
  8 rats
74 creatures vanquished.

Notes
Turn   | Place    | Note
-------+----------+-------------------------------------------
     0 | D:1      | Froggeryz the Octopode Berserker began the quest for the
                  | Orb.
     0 | D:1      | Reached XP level 1. HP: 16/16 MP: 1/1
   101 | D:1      | Reached XP level 2. HP: 21/21 MP: 2/2
   634 | D:2      | Reached ** piety under Trog
   635 | D:2      | Reached XP level 3. HP: 25/26 MP: 3/3
   751 | D:2      | Reached skill level 4 in Short Blades
  1068 | D:2      | Reached XP level 4. HP: 16/32 MP: 4/4
  1904 | D:3      | Noticed a phantom
  2230 | D:2      | Killed a phantom
  2231 | D:2      | Reached skill level 5 in Short Blades
  2231 | D:2      | Reached XP level 5. HP: 37/37 MP: 5/5
  2410 | D:3      | Found Foaty's Weapon Shop.
  2435 | D:3      | Bought 2 poisoned darts for 8 gold pieces
  2500 | D:3      | Noticed Grinder
  2500 | D:3      | Paralysed by Grinder for 4 turns
  2513 | D:3      | Killed Grinder
  2514 | D:3      | Reached skill level 6 in Short Blades
  2514 | D:3      | Reached XP level 6. HP: 44/44 MP: 6/6
  3228 | D:3      | Killed from afar by an orc wizard

Illustrated notes

Levels and vault maps discovered:
D:1:      dpeg_arrival_lava_temple_mockup, layout_rooms,
          minmay_misc_feat_more_columns
D:2:      layout_basic, serial_bayou_pond_d
D:3:      wad_crossroads, layout_loops_cross, serial_shops,
          nicolae_shop_bloodbath_and_beyond, minmay_door_square, uniq_grinder
D:4:      layout_cave_pools, minmay_temple_entry_slanted,
          ebering_ghost_disaster_area

Skill      XL: |  1  2  3  4  5 |
---------------+----------------+-----
Short Blades   | 4 5 6 |  6.3
Fighting       | 4 |  4.8
Dodging        | |  3.0

Action                   |  1- 3 |  4- 6 || total
-------------------------+-------+-------++-------
Melee: Short sword       |    67 |    73 ||   140
       Constrict         |    21 |    19 ||    40
       Tentacles         |    19 |    15 ||    34
       Punch             |       |     3 ||     3
Invok: Berserk           |       |     2 ||     2
       Trog's Hand       |       |     2 ||     2
  Use: Scroll            |       |     1 ||     1
       Potion            |       |     1 ||     1
 Stab: Sleeping          |     9 |    17 ||    26
Armor: Skin              |     7 |     5 ||    12
Dodge: Dodged            |    49 |    36 ||    85
